 Dungeon Crawl Stone Soup version 0.30-a0-622-gddc90eaa04 (webtiles) character file.

Game seed: 15830075579577725645

43 kae the Insei (level 3, -3/26 HPs)
             Began as a Demonspawn Transmuter on Jan 10, 2023.
             Killed from afar by an orc wizard (5 damage)
             ... with a magic dart
             ... on level 3 of the Dungeon.
             The game lasted 00:02:21 (1595 turns).

kae the Insei (Demonspawn Transmuter)               Turns: 1595, Time: 00:02:21

Health: -3/26      AC:  2    Str: 10    XL:     3   Next: 37%
Magic:  3/6        EV: 19    Int: 16    God:
Gold:   76         SH:  0    Dex: 18    Spells: 0/6 levels left

rFire   . . .      SeeInvis .      - Unarmed
rCold   . . .      Faith    .    (shield currently unavailable)
rNeg    . . .      Spirit   .    (body armour currently unavailable)
rPois   x          Reflect  .    (helmet currently unavailable)
rElec   .          Harm     .    (cloak currently unavailable)
rCorr   .          Rampage  .    (gloves currently unavailable)
Will    .....                    (boots currently unavailable)
Stlth   ++                       (no amulet)
HPRegen 0.24/turn                (no ring)
MPRegen 0.10/turn                (no ring)

@: spider-form (expiring)
A: venomous fangs, tiny, rugged brown scales 1
a: End Transformation


You were on level 3 of the Dungeon.
You were a venomous arachnid creature.
You visited 1 branch of the dungeon, and saw 3 of its levels.

You collected 76 gold pieces.


Innate Abilities, Weirdness & Mutations

You are a venomous arachnid creature.
You have venomous fangs.
You are tiny and dextrous.
Your spellcasting is less reliable in this form.
Your armour is entirely melded.
You are incapable of wielding weapons or throwing items.
(You are partially covered in rugged brown scales. (AC +1, +3% HP))


   Skills:
 - Level 1.0 Fighting
 - Level 1.7 Dodging
 + Level 3.1 Unarmed Combat
 + Level 2.3 Spellcasting
 * Level 2.7 Transmutations
 * Level 0.4 Poison Magic


You couldn't memorise any spells.
You knew the following spells:

 Your Spells              Type           Power      Damage    Failure   Level
a - Beastly Appendage     Tmut           20%        N/A       19%         1
b - Wereblood             Tmut           10%        N/A       24%         2
c - Spider Form           Tmut/Pois      7%         N/A       52%         3

Your spell library contained the following spells:

 Spells                   Type           Power      Damage    Failure   Level
 Ice Form                 Ice/Tmut       6%         N/A       89%         4

Inventory:

Missiles
 f - 6 stones
 j - 6 poisoned darts
Armour
 a - a +0 robe (melded)
Scrolls
 c - a scroll of identify {@r1}
 e - 2 scrolls of teleportation {unknown}
 i - a scroll of amnesia {unknown}
Potions
 b - 2 potions of lignification {!q}
 d - a potion of might
 g - a potion of mutation {!q}
 h - a potion of flight
 k - a potion of attraction {!q}

Dungeon Overview and Level Annotations

Branches:
Dungeon (3/15) Zot: 16406

Altars:

........)####
............# ..
###......##.# ...
#....#..##.. #..#####
#....#....## #.....##
#...####...#
#....#####...# #.#.#
##.#.J........####....
#...)s........)....#..
#.##o#.###....#######.
?.....).....#..### .
_.#..##.......... # #.
##.......... #
##.....#.### ...#.##..
...#.$. ... ..


You could see an orc wizard (very poisoned) and an endoplasm.


Message History

No target in view!
No target in view!
You now have 76 gold pieces (gained 6). 2 orcs come into view.
The orc shouts!
The orc moves out of view.
The orc shouts!
There is a stone staircase leading up here.
Your horns disappear.
Your talons disappear.
You climb upwards.
There is a stone staircase leading down here.
Unknown command.
Done exploring.
Done exploring.
Unknown command.
Done exploring.
Done exploring.
Done exploring.
You climb downwards.
There is a stone staircase leading up here.
Casting: Beastly Appendage (safe; 7% risk of failure)
Confirm with . or Enter, or press ? or * to list all spells.
The spell is extremely dangerous to miscast (32% risk of failure)!
Continue anyway? [Y]es or [N]o only, please.
The spell is extremely dangerous to miscast (32% risk of failure)!
Continue anyway?
You turn into a venomous arachnid creature.
Your +0 robe melds into your body. 😎 MP[-3]
You lost 3 mp, and now have 3/6 mp.
You hit the orc. The orc closely misses you.
An endoplasm comes into view.
You barely miss the orc. The orc barely misses you. The orc closely misses you.
The endoplasm quivers.
You hit the orc.
You kill the orc!
The orc completely misses you.
An orc wizard comes into view. It is wielding a +0 dagger.
Found a scroll labelled DEHIDE YCIFEUWO.
Found a faded altar of an unknown god.
Your transformation is almost over.
The orc closely misses you.
The orc wizard shouts!
You bite the orc!
You kill the orc!
The orc wizard casts a spell.
The orc wizard flickers and vanishes!
Deactivating autopickup; reactivate with Ctrl-A.
There is a stone staircase leading up here.
You climb upwards.
Reactivating autopickup.
There is a stone staircase leading down here. 😎 MP[+1] Unknown command.
You start resting.
Your transformation has ended.
Your +0 robe unmelds from your body.
You start resting. 😎 MP[+1]
You start resting. 😎 MP[+1]
Your mp is fully restored (6).
Casting: Spider Form (extremely dangerous; 30% risk of failure)
Confirm with . or Enter, or press ? or * to list all spells.
The spell is extremely dangerous to miscast (30% risk of failure)!
Continue anyway? [Y]es or [N]o only, please.
The spell is extremely dangerous to miscast (30% risk of failure)!
Continue anyway?
You turn into a venomous arachnid creature.
Your +0 robe melds into your body. 😎 MP[-3]
You lost 3 mp, and now have 3/6 mp.
You climb downwards.
The endoplasm freezes you.
You are frozen.
There is a stone staircase leading up here. 😕 HP[-1]
You take 1 damage, and now have 25/26 hp.
You completely miss the endoplasm. The endoplasm freezes you.
You are frozen.
The orc wizard casts a spell at you. The magic dart hits you!
* * * LOW HITPOINT WARNING * * *
😨 HP[-13]
You take 13 damage, and now have 12/26 hp.
MASSIVE DAMAGE!! (PAUSE)
You hit the endoplasm. The endoplasm misses you.
The orc wizard points at you and mumbles some strange words.
The magic dart hits you.
* * * LOW HITPOINT WARNING * * *
😱 HP[-6]
You take 6 damage, and now have 6/26 hp.
MASSIVE DAMAGE!! (PAUSE)
You hit the orc wizard.
The orc wizard is poisoned.
Your transformation is almost over.
The endoplasm freezes you.
You are frozen.
* * * LOW HITPOINT WARNING * * *
The orc wizard casts a spell at you. The magic dart hits you.
You die...

Skill      XL: |  1  2 |
---------------+-------+-----
Transmutations | 2 |  2.7
Unarmed Combat | 3 |  3.1
Fighting       | |  1.0
Dodging        | |  1.7
Spellcasting   | |  2.3
Poison Magic   | |  0.4

Action                   || total
-------------------------++-------
Melee: Unarmed           ||    93
       Kick              ||    17
       Headbutt          ||     8
 Cast: Beastly Appendage ||    26
       Spider Form       ||     3
  Use: Scroll            ||     4
Armor: Robe              ||    26
Dodge: Dodged            ||    58

Levels and vault maps discovered:
D:1:      onia_arrival_pyramid, layout_rooms, nicolae_hexahallways,
          minmay_shallow_snake_nest
D:2:      layout_rooms, grunt_ministairs_8, hangedman_decor_diamond_cutter,
          reono_crystal_passage, st_stairs_7
D:3:      layout_rooms, kennysheep_ying_yang, mainiacjoe_overflow_cross_hatched,
          ebering_ecumenical_altar_abandoned

Notes
Turn   | Place    | Note
-------+----------+-------------------------------------------
     0 | D:1      | kae the Demonspawn Transmuter began the quest for the Orb.
     0 | D:1      | Reached XP level 1. HP: 15/15 MP: 3/3
     0 | D:1      | magus.rc [v1.11.3]
   118 | D:1      | Reached skill level 2 in Transmutations
   578 | D:1      | Gained mutation: You are partially covered in rugged brown
                  | scales. (AC +1, +3% HP) [demonic ancestry]
   578 | D:1      | Reached XP level 2. HP: 10/21 MP: 1/5
  1039 | D:2      | Reached skill level 3 in Unarmed Combat
  1042 | D:2      | Identified the +3 ring mail of Dim Light {Str+2}
  1053 | D:2      | Learned a level 2 spell: Wereblood
  1063 | D:2      | Reached XP level 3. HP: 9/26 MP: 4/6
  1067 | D:2      | Learned a level 3 spell: Spider Form
  1565 | D:3      | Found a faded altar of an unknown god.
  1594 | D:3      | HP: 6/26 [orc wizard/magic dart (6)]
  1595 | D:3      | HP: 2/26 [frozen (4)]
  1595 | D:3      | Killed from afar by an orc wizard

Vanquished Creatures
  A worm (D:2)
  2 orcs (D:3)
  3 endoplasms
  2 giant cockroaches
  2 goblins
  3 hobgoblins
  3 jackals (D:2)
  4 quokkas (D:2)
  6 ball pythons
  5 bats
  A frilled lizard (D:1)
  2 kobolds
  3 rats
37 creatures vanquished.

Vanquished Creatures (others)
  A fungus (D:1)
1 creature vanquished.

Grand Total: 38 creatures vanquished

Table legend:
 A = Non-vault XP
 B = Vault XP
 C = Vault XP percentage of total XP
 D = Non-vault monster count
 E = Vault monster count
 F = Vault count percentage of total count
                 A         B        C        D         E       F
            +---------+---------+-------+---------+---------+-------
      Total |      52 |      10 |  16.1 |      31 |       6 |  16.2
            +---------+---------+-------+---------+---------+-------
        D:1 |      16 |       1 |   5.9 |      12 |       1 |   7.7
        D:2 |      22 |       9 |  29.0 |      12 |       5 |  29.4
        D:3 |      14 |       0 |   0.0 |       7 |       0 |   0.0
            +---------+---------+-------+---------+---------+-------

Illustrated notes

Table legend:
 A = Kills in this place as a percentage of kills in entire the game.
 B = Kills by you in this place as a percentage of kills by you in the entire game.
 C = Kills by friends in this place as a percentage of kills by friends in the entire game.
 D = Other kills in this place as a percentage of other kills in the entire game.
 E = Experience gained in this place as a percentage of experience gained in the entire game.
 F = Experience gained in this place divided by the number of levels of this place that you have seen.
                   A       B       C       D       E      F
               +-------+-------+-------+-------+-------+----------------------
         Total | 100.0 | 100.0 |   N/A |   N/A | 100.0 |  20.7
       Dungeon | 100.0 | 100.0 |   N/A |   N/A | 100.0 |  20.7
               +-------+-------+-------+-------+-------+----------------------

Table legend: (Time is in decaauts)
 A = Elapsed time spent in this place.
 B = Non-inter-level travel time spent in this place.
 C = Inter-level travel time spent in this place.
 D = Time resting spent in this place.
 E = Time spent auto-exploring this place.
 F = Levels seen in this place.
 G = Mean time per level.
                   A        B        C        D        E       F      G
               +--------+--------+--------+--------+--------+-----+--------+
         Total |   1592 |   1557 |     35 |     33 |   1243 |   3 |  530.7 |
       Dungeon |   1592 |   1557 |     35 |     33 |   1243 |   3 |  530.7 |
               +--------+--------+--------+--------+--------+-----+--------+

Top non-repeatable levels by time:
     D:1: 771 daAuts
     D:2: 723 daAuts
     D:3: 97 daAuts
